APL (24 & UNDER)
KENOSHA KINGFISH @ DETROIT DIRTY SNOW
06/28/2030
 
TOP OF THE 1ST
Kenosha Kingfish batting - Pitching for Detroit Dirty Snow : RHP Alberto Bustamante
Pitching: RHP Alberto Bustamante
Batting: RHB Armando Arellano 0-0: Ball
1-0: Ball
2-0: SOLO HOME RUN (Flyball, 9D), Distance : 387 ft
Batting: LHB Jerry Benjamin 0-0: Bunt - Flyout! F1
Batting: LHB Juan Rodríguez 0-0: Ground out 1-3 (Groundball, 15)
Batting: RHB Vicente Rosales 0-0: Called Strike
0-1: Ball
1-1: SINGLE (Line Drive, 34D)
Batting: RHB Millard Ferguson 0-0: Ball
1-0: Ball
2-0: Fly out, F7 (Flyball, 7)
Top of the 1st over - 1 run, 2 hits, 0 errors, 1 left on base; Kenosha 1 - Detroit 0
BOTTOM OF THE 1ST
Detroit Dirty Snow batting - Pitching for Kenosha Kingfish : RHP Raúl Cruz
Pitching: RHP Raúl Cruz
Batting: LHB Luis Salazar 0-0: Ball
1-0: Called Strike
1-1: Foul Ball, location: 2F
1-2: SOLO HOME RUN (Flyball, 9D), Distance : 388 ft
Batting: LHB Al Cramer 0-0: DOUBLE (Flyball, 78XD)
Batting: RHB Gustavo López 0-0: Called Strike
0-1: Foul Ball, location: 2F
0-2: Strikes out swinging
Batting: LHB Lee Jenkins 0-0: Ball
Al Cramer steals 3rd base
1-0: Called Strike
1-1: Ball
2-1: 2-RUN HOME RUN (Flyball, 9LD), Distance : 332 ft
Batting: SHB Víctor Torres 0-0: Called Strike
0-1: Ball
1-1: Ball
2-1: Ball
3-1: Called Strike
3-2: Base on Balls
Batting: RHB José Wills 0-0: Ball
1-0: Grounds into double play, 6-4-3 (Groundball, 6)
Bottom of the 1st over - 3 runs, 3 hits, 0 errors, 0 left on base; Kenosha 1 - Detroit 3
TOP OF THE 2ND
Kenosha Kingfish batting - Pitching for Detroit Dirty Snow : RHP Alberto Bustamante
Batting: LHB Luis Martínez 0-0: Ball
1-0: Called Strike
1-1: Ball
2-1: Ball
3-1: Foul Ball, location: 2F
3-2: Strikes out swinging
Batting: RHB Jeff Navarro 0-0: Called Strike
0-1: Foul Ball, location: 2F
0-2: Ball
1-2: Strikes out swinging
Batting: RHB Juan Escalante 0-0: Ball
1-0: Foul Ball, location: 2F
1-1: Foul Ball, location: 2F
1-2: Ball
2-2: Strikes out swinging
Top of the 2nd over - 0 runs, 0 hits, 0 errors, 0 left on base; Kenosha 1 - Detroit 3
BOTTOM OF THE 2ND
Detroit Dirty Snow batting - Pitching for Kenosha Kingfish : RHP Raúl Cruz
Batting: RHB António Aguilera 0-0: Called Strike
0-1: Ball
1-1: Foul Ball, location: 2F
1-2: Fly out, F4 (Line Drive, 4)
Batting: RHB Scott Graves 0-0: Ball
1-0: Ball
2-0: Foul Ball, location: 2F
2-1: Foul Ball, location: 2F
2-2: Strikes out swinging
Batting: RHB Phil Poole 0-0: Ball
1-0: Called Strike
1-1: Ground out 4-3 (Groundball, 4)
Bottom of the 2nd over - 0 runs, 0 hits, 0 errors, 0 left on base; Kenosha 1 - Detroit 3
TOP OF THE 3RD
Kenosha Kingfish batting - Pitching for Detroit Dirty Snow : RHP Alberto Bustamante
Batting: SHB José Ayala 0-0: DOUBLE (Line Drive, 9LM)
Batting: RHB Armando Arellano 0-0: Ball
1-0: Ball
2-0: DOUBLE (Flyball, 89XD)
José Ayala scores
Batting: LHB Jerry Benjamin 0-0: Called Strike
0-1: Called Strike
0-2: Foul Ball, location: 2F
0-2: Ball
1-2: Foul Ball, location: 2F
1-2: Strikes out swinging
Batting: LHB Juan Rodríguez 0-0: Called Strike
0-1: Swinging Strike
0-2: Ball
1-2: Foul Ball, location: 2F
1-2: Foul Ball, location: 2F
1-2: Foul Ball, location: 2F
1-2: Strikes out looking
Batting: RHB Vicente Rosales 0-0: Foul Ball, location: 2F
0-1: 2-RUN HOME RUN (Flyball, 9D), Distance : 369 ft
Batting: RHB Millard Ferguson 0-0: Ball
1-0: Foul Ball, location: 2F
1-1: Called Strike
1-2: Strikes out swinging
Top of the 3rd over - 3 runs, 3 hits, 0 errors, 0 left on base; Kenosha 4 - Detroit 3
BOTTOM OF THE 3RD
Detroit Dirty Snow batting - Pitching for Kenosha Kingfish : RHP Raúl Cruz
Batting: LHB Luis Salazar 0-0: Called Strike
0-1: Called Strike
0-2: Ball
1-2: Ball
2-2: Ground out 6-3 (Groundball, 6M)
Batting: LHB Al Cramer 0-0: Foul Ball, location: 2F
0-1: Swinging Strike
0-2: Ball
1-2: Foul Ball, location: 2F
1-2: Strikes out looking
Batting: RHB Gustavo López 0-0: Called Strike
0-1: Called Strike
0-2: Ball
1-2: Fly out, F5 (Line Drive, 5)
Bottom of the 3rd over - 0 runs, 0 hits, 0 errors, 0 left on base; Kenosha 4 - Detroit 3
TOP OF THE 4TH
Kenosha Kingfish batting - Pitching for Detroit Dirty Snow : RHP Alberto Bustamante
Batting: LHB Luis Martínez 0-0: Called Strike
0-1: Ball
1-1: Ball
2-1: Ground out 6-3 (Groundball, 56)
Batting: RHB Jeff Navarro 0-0: Called Strike
0-1: Ball
1-1: Called Strike
1-2: Ball
2-2: Ball
3-2: Base on Balls
Batting: RHB Juan Escalante 0-0: Ball
1-0: Grounds into double play, 6-4-3 (Groundball, 6)
Top of the 4th over - 0 runs, 0 hits, 0 errors, 0 left on base; Kenosha 4 - Detroit 3
BOTTOM OF THE 4TH
Detroit Dirty Snow batting - Pitching for Kenosha Kingfish : RHP Raúl Cruz
Batting: LHB Lee Jenkins 0-0: Called Strike
0-1: Ball
1-1: Ball
2-1: Ground out 3-1 (Groundball, 34)
Batting: SHB Víctor Torres 0-0: Ball
1-0: Called Strike
1-1: Ball
2-1: Foul Ball, location: 2F
2-2: Ball
3-2: Base on Balls
Batting: RHB José Wills 0-0: Called Strike
0-1: Ball
1-1: Ball
2-1: Called Strike
2-2: Foul Ball, location: 2F
2-2: Ball
3-2: Strikes out swinging
Batting: RHB António Aguilera 0-0: Called Strike
0-1: Ball
1-1: DOUBLE (Line Drive, 9D)
Víctor Torres to third
Runner from 3rd tries for Home, SAFE, no throw
Batting: RHB Scott Graves 0-0: Foul Ball, location: 2F
0-1: Foul Ball, location: 2F
0-2: Ball
1-2: Strikes out looking
Bottom of the 4th over - 1 run, 1 hit, 0 errors, 1 left on base; Kenosha 4 - Detroit 4
TOP OF THE 5TH
Kenosha Kingfish batting - Pitching for Detroit Dirty Snow : RHP Alberto Bustamante
Batting: SHB José Ayala 0-0: Called Strike
0-1: Ball
1-1: Foul Ball, location: 2F
1-2: Strikes out looking
Batting: RHB Armando Arellano 0-0: Ball
1-0: SINGLE (Groundball, 6D)
Batting: LHB Jerry Benjamin 0-0: Ball
1-0: Called Strike
1-1: Called Strike
1-2: Strikes out swinging
Batting: LHB Juan Rodríguez 0-0: Ball
Armando Arellano is caught stealing 2nd base
Top of the 5th over - 0 runs, 1 hit, 0 errors, 0 left on base; Kenosha 4 - Detroit 4
BOTTOM OF THE 5TH
Detroit Dirty Snow batting - Pitching for Kenosha Kingfish : RHP Raúl Cruz
Batting: RHB Phil Poole 0-0: Bunt for hit - play at first, batter safe!
Batting: LHB Luis Salazar 0-0: Ball
1-0: Reached on error, E3 (Groundball, 3)
Phil Poole to second
Batting: LHB Al Cramer 0-0: Ball
1-0: Fly out, F9 (Flyball, 9S)
Batting: RHB Gustavo López 0-0: Called Strike
0-1: Foul Ball, location: 2F
0-2: Ball
1-2: Foul Ball, location: 2F
1-2: Foul Ball, location: 2F
1-2: Ball
2-2: Ground out 6-3 (Groundball, 6S)
Phil Poole to third
Luis Salazar to second
Batting: LHB Lee Jenkins 0-0: Foul Ball, location: 2F
0-1: SINGLE (Flyball, 56D)
Phil Poole scores
Luis Salazar to third
Runner from 3rd tries for Home, SAFE, no throw
Pitching: LHP José Carlos
Batting: SHB Víctor Torres 0-0: Called Strike
0-1: Fly out, F8 (Line Drive, 78XD)
Bottom of the 5th over - 2 runs, 2 hits, 1 error, 1 left on base; Kenosha 4 - Detroit 6
TOP OF THE 6TH
Kenosha Kingfish batting - Pitching for Detroit Dirty Snow : RHP Alberto Bustamante
Batting: LHB Juan Rodríguez 0-0: Ball
1-0: Foul Ball, location: 2F
1-1: Fly out, F8 (Flyball, 8LXD)
Batting: RHB Vicente Rosales 0-0: Ball
1-0: Fly out, F4 (Line Drive, 4)
Batting: RHB Millard Ferguson 0-0: Called Strike
0-1: Reached on error, E3 (Groundball, 3)
Batting: LHB Luis Martínez 0-0: Called Strike
0-1: Ball
1-1: Ball
2-1: Ball
3-1: Foul Ball, location: 2F
3-2: Strikes out looking
Top of the 6th over - 0 runs, 0 hits, 1 error, 1 left on base; Kenosha 4 - Detroit 6
BOTTOM OF THE 6TH
Detroit Dirty Snow batting - Pitching for Kenosha Kingfish : LHP José Carlos
Batting: RHB José Wills 0-0: Ball
1-0: Called Strike
1-1: Foul Ball, location: 2F
1-2: Ball
2-2: Ball
3-2: Strikes out swinging
Batting: RHB António Aguilera 0-0: Foul Ball, location: 2F
0-1: Bunted foul
0-2: Ball
1-2: Ground out 6-3 (Groundball, 6MS)
Batting: RHB Scott Graves 0-0: Ball
1-0: Ball
2-0: Foul Ball, location: 2F
2-1: Called Strike
2-2: Strikes out swinging
Bottom of the 6th over - 0 runs, 0 hits, 0 errors, 0 left on base; Kenosha 4 - Detroit 6
TOP OF THE 7TH
Kenosha Kingfish batting - Pitching for Detroit Dirty Snow : RHP Alberto Bustamante
Pitching: RHP Mark Messier
Batting: RHB Jeff Navarro 0-0: Foul Ball, location: 2F
0-1: Foul Ball, location: 2F
0-2: Ball
1-2: Foul Ball, location: 2F
1-2: Strikes out swinging
Batting: RHB Juan Escalante 0-0: Called Strike
0-1: Foul Ball, location: 2F
0-2: Fly out, F6 (Popup, 6)
Batting: SHB José Ayala 0-0: Fly out, F9 (Flyball, 9S)
Top of the 7th over - 0 runs, 0 hits, 0 errors, 0 left on base; Kenosha 4 - Detroit 6
BOTTOM OF THE 7TH
Detroit Dirty Snow batting - Pitching for Kenosha Kingfish : LHP José Carlos
Batting: RHB Phil Poole 0-0: Ball
1-0: Ball
2-0: Ground out 4-3 (Groundball, 4M)
Batting: LHB Luis Salazar 0-0: Called Strike
0-1: Ball
1-1: Swinging Strike
1-2: Strikes out swinging
Batting: LHB Al Cramer 0-0: Called Strike
0-1: Foul Ball, location: 2F
0-2: Foul Ball, location: 2F
0-2: Ground out 6-3 (Groundball, 6)
Bottom of the 7th over - 0 runs, 0 hits, 0 errors, 0 left on base; Kenosha 4 - Detroit 6
TOP OF THE 8TH
Kenosha Kingfish batting - Pitching for Detroit Dirty Snow : RHP Mark Messier
Batting: RHB Armando Arellano 0-0: Ball
1-0: Called Strike
1-1: Ball
2-1: Foul Ball, location: 2F
2-2: Foul Ball, location: 2F
2-2: Fly out, F8 (Flyball, 89D)
Batting: LHB Jerry Benjamin 0-0: Foul Ball, location: 2F
0-1: Swinging Strike
0-2: Ball
1-2: Ball
2-2: Fly out, F8 (Flyball, 89XD)
Batting: LHB Juan Rodríguez 0-0: Called Strike
0-1: Called Strike
0-2: Fly out, F8 (Flyball, 8RM)
Top of the 8th over - 0 runs, 0 hits, 0 errors, 0 left on base; Kenosha 4 - Detroit 6
BOTTOM OF THE 8TH
Detroit Dirty Snow batting - Pitching for Kenosha Kingfish : LHP José Carlos
Batting: RHB Gustavo López 0-0: Called Strike
0-1: Ball
1-1: Ball
2-1: Foul Ball, location: 2F
2-2: Strikes out swinging
Batting: LHB Lee Jenkins 0-0: Swinging Strike
0-1: Ball
1-1: Ball
2-1: Called Strike
2-2: Strikes out looking
Batting: SHB Víctor Torres 0-0: Called Strike
0-1: Ball
1-1: Called Strike
1-2: Ball
2-2: Foul Ball, location: 2F
2-2: Ball
3-2: Strikes out swinging
Bottom of the 8th over - 0 runs, 0 hits, 0 errors, 0 left on base; Kenosha 4 - Detroit 6
TOP OF THE 9TH
Kenosha Kingfish batting - Pitching for Detroit Dirty Snow : RHP Mark Messier
Batting: RHB Vicente Rosales 0-0: Called Strike
0-1: Ball
1-1: Ball
2-1: Foul Ball, location: 2F
2-2: Strikes out swinging
Batting: RHB Millard Ferguson 0-0: Foul Ball, location: 2F
0-1: Ball
1-1: Ball
2-1: Ball
3-1: Foul Ball, location: 2F
3-2: Strikes out looking
Batting: LHB Luis Martínez 0-0: Swinging Strike
0-1: Ball
1-1: Ball
2-1: Swinging Strike
2-2: Ball
3-2: Foul Ball, location: 2F
3-2: Fly out, F6 (Popup, 6M)
Top of the 9th over - 0 runs, 0 hits, 0 errors, 0 left on base; Kenosha 4 - Detroit 6
Saturday, April 7th, 2018 - OOTP Baseball 18.8 Build 76